 Dungeon Crawl Stone Soup version 0.30-b1-2-g02819fbbbe (webtiles) character file.

Game seed: 12816051171287385255

327 Dirian the Chopper (level 6, -1/55 HPs)
             Began as a Minotaur Fighter on May 6, 2023.
             Was a Follower of Okawaru.
             Slain by a hornet (14 damage)
             ... on level 4 of the Dungeon.
             The game lasted 00:02:56 (2315 turns).

Dirian the Chopper (Minotaur Fighter)               Turns: 2315, Time: 00:02:56

Health: -1/55      AC:  8    Str: 22    XL:     6   Next: 24%
Magic:  4/5        EV:  9    Int:  5    God:    Okawaru [*.....]
Gold:   208        SH:  4    Dex: 10    Spells: 5/5 levels left

rFire   . . .        a - +0 war axe
rCold   . . .        c - +0 buckler
rNeg    . . .        b - +0 scale mail
rPois   .            (helmet restricted)
rElec   .            (no cloak)
rCorr   .            r - +0 pair of gloves
SInv    +            (no boots)
Will    .....        (no amulet) Stlth
                     l - ring of see invisible
HPRegen 0.29/turn    (no ring)
MPRegen 0.09/turn

%: no passive effects
@: lethally poisoned (-1 -> -6), slowed, very slow
A: horns 2, retaliatory headbutt
a: Renounce Religion, Heroism


You were on level 4 of the Dungeon.
You worshipped Okawaru.
Okawaru was aware of your devotion.
You visited 1 branch of the dungeon, and saw 4 of its levels.

You collected 208 gold pieces.

Inventory:

Hand Weapons
 a - a +0 war axe (weapon)
 x - a +0 war axe
Armour
 b - a +0 scale mail (worn)
 c - a +0 buckler (worn)
 r - a +0 pair of gloves (worn)
Jewellery
 l - a ring of see invisible (left hand)
Wands
 v - a wand of light (2)
Scrolls
 f - 3 scrolls of silence {unknown}
 h - 3 scrolls of identify {unknown}
 n - a scroll of magic mapping {unknown}
 o - 2 scrolls of immolation {unknown}
 p - a scroll of enchant armour {unknown}
 s - a scroll of butterflies {unknown}
 t - a scroll of fog {unknown}
 u - a scroll of enchant weapon {unknown}
Potions
 d - a potion of might
 e - a potion of heal wounds {unknown}
 g - a potion of attraction {unknown}
 i - 3 potions of invisibility {unknown}
 j - 2 potions of cancellation {unknown}
 k - a potion of flight {unknown}
 m - 2 potions of curing {unknown}
 q - a potion of mutation {unknown}
 w - a potion of brilliance {unknown}


   Skills:
 + Level 4.9 Fighting
 + Level 5.4 Axes
 + Level 5.3 Armour
 + Level 4.5 Shields
 + Level 0.2 Invocations


You had 5 spell levels left.
You didn't know any spells.
Your spell library contained the following spells:

 Spells                   Type           Power      Damage    Failure   Level
 Sandblast                Erth           0%         2d4       85%         1
 Ensorcelled Hibernation  Hex/Ice        0%         N/A       94%         2
 Passwall                 Tmut/Erth      0%         N/A       94%         2
 Dazzling Flash           Conj/Hex       0%         N/A       99%         3
 Stone Arrow              Conj/Erth      0%         3d7       99%         3
 Swiftness                Air            0%         N/A       99%         3
 Anguish                  Hex/Necr       0%         N/A       100%        4
 Cause Fear               Hex            0%         N/A       100%        4
 Agony                    Necr           0%         N/A       100%        5
 Silence                  Hex/Air        0%         N/A       100%        5
 Enfeeble                 Hex            0%         N/A       100%        7
 Ozocubu's Refrigeration  Ice            0%         4d7       100%        7
 Polar Vortex             Ice            0%         N/A       100%        9
 Simulacrum               Ice/Necr       Unusable   N/A       N/A         6

Dungeon Overview and Level Annotations

Branches:
Dungeon (4/15) Zot: 21628  Temple (0/1) D:4

Altars:
Cheibriados
Dithmenos
Nemelex Xobeh
Okawaru
Xom


Innate Abilities, Weirdness & Mutations

You have a pair of horns on your head.
You reflexively headbutt those who attack you in melee.


Message History

The hornet closely misses you.
You hit the hornet but do no damage. Your headbutt misses the hornet.
The hornet is almost dead.
The hornet stings you but does no damage.
The hornet barely misses you.
You hit the hornet but do no damage.
The hornet is almost dead.
The hornet stings you!
You are poisoned.
You feel as though you will be slow longer.
The hornet barely misses you.
You closely miss the hornet. Your headbutt misses the hornet.
The hornet is almost dead.
You feel very sick.
The hornet stings you but does no damage.
The hornet barely misses you.
You hit the hornet.
The hornet is almost dead.
You feel very sick. The hornet stings you!
You are more poisoned.
You feel as though you will be slow longer.
The hornet closely misses you.
You hit the hornet. Your headbutt misses the hornet.
The hornet is almost dead.
You feel like a meek peon again.
You feel very sick. The hornet stings you.
You feel as though you will be slow longer.
The hornet stings you but does no damage.
The hornet barely misses you.
You closely miss the hornet.
The hornet is almost dead.
You feel very sick. You block the hornet's attack.
The hornet closely misses you.
You closely miss the hornet.
The hornet is almost dead.
You feel very sick. The hornet stings you!
You die...

########## .........#
#######.....#########
......†.............#
#######.......#####.#
#.y@..........# #.#
......####.......##
#.# #..#. #......##
#.# # ..
.....#.#######.# ##
#######.........#
#########.# #.. #.#
#.#


You could see a hornet.

Vanquished Creatures
  Edmund (D:4)
  Ijyb (D:3)
  Natasha (thrice) (D:3)
  5 adders
  A worm (D:3)
  5 dart slugs
  An orc (D:4)
  4 ball pythons
  2 bats
  8 endoplasms
  2 giant cockroaches
  7 goblins
  5 hobgoblins
  4 quokkas
  5 frilled lizards
  4 kobolds
  3 rats
61 creatures vanquished.

Notes
Turn   | Place    | Note
-------+----------+-------------------------------------------
     0 | D:1      | Dirian the Minotaur Fighter began the quest for the Orb.
     0 | D:1      | Reached XP level 1. HP: 19/19 MP: 0/0
    22 | D:1      | Reached XP level 2. HP: 27/27 MP: 1/1
   248 | D:1      | Found a faded altar of an unknown god.
   636 | D:1      | Prayed at the altar of an unknown god.
   636 | D:1      | Became a worshipper of Warmaster Okawaru
   636 | D:1      | Reached * piety under Okawaru
   649 | D:2      | Reached XP level 3. HP: 33/33 MP: 2/2
   659 | D:2      | Found a shimmering altar of Xom.
  1263 | D:3      | Found a sparkling altar of Nemelex Xobeh.
  1263 | D:3      | Found a snail-covered altar of Cheibriados.
  1263 | D:3      | Found a shadowy altar of Dithmenos.
  1285 | D:3      | Reached XP level 4. HP: 37/40 MP: 3/3
  1362 | D:3      | Noticed Natasha
  1369 | D:3      | Killed Natasha
  1397 | D:3      | Noticed Ijyb
  1406 | D:3      | Killed Ijyb
  1583 | D:3      | Reached XP level 5. HP: 42/47 MP: 4/4
  1627 | D:3      | Noticed Natasha
  1633 | D:3      | Killed Natasha
  1679 | D:3      | Noticed Natasha
  1695 | D:3      | Killed Natasha
  2016 | D:4      | Noticed Edmund
  2028 | D:4      | Killed Edmund
  2029 | D:4      | Reached skill level 5 in Axes
  2029 | D:4      | Reached skill level 5 in Armour
  2029 | D:4      | Reached XP level 6. HP: 47/55 MP: 2/5
  2077 | D:4      | Found a staircase to the Ecumenical Temple.
  2121 | D:4      | Reached ** piety under Okawaru
  2305 | D:4      | Noticed a hornet
  2315 | D:4      | Slain by a hornet

Illustrated notes

Levels and vault maps discovered:
D:1:      wander_arrival_fairy_ring, layout_basic, basic_ecumenical_altar
D:2:      layout_loops_ring, basic_altar, kennysheep_crisscross
D:3:      layout_rooms, chequers_temple_overflow_statue_of_worship,
          grunt_ministairs_3, uniq_natasha, uniq_ijyb
D:4:      layout_loops_ring, mainiacjoe_overflow_chevrons,
          mainiacjoe_overflow_swirl, minmay_temple_entry_offerings,
          minmay_rat_hole, uniq_edmund

Skill      XL: |  1  2  3  4  5 |
---------------+----------------+-----
Armour         | 4 5 |  5.3
Shields        | 4 |  4.5
Fighting       | 4 |  4.9
Axes           | 3 4 5 |  5.4
Invocations    | |  0.2

Action                     |  1- 3 |  4- 6 || total
---------------------------+-------+-------++-------
  Melee: War axe           |    67 |    86 ||   153
         Headbutt          |    12 |    11 ||    23
 Invoke: Heroism           |       |     2 ||     2
 Armour: Scale mail        |    35 |    26 ||    61
  Dodge: Dodged            |    43 |    40 ||    83
  Block: Buckler           |    12 |    15 ||    27
